[Event "Early-Titled-Tuesday-Blitz-February-06-2024"]
[Site "Chess.com"]
[Date "2024.02.06"]
[Round "6"]
[White "Korchmar_Vasiliy"]
[Black "TrompeterImEther"]
[Result "1/2-1/2"]
[WhiteElo "2707"]
[BlackElo "2544"]
[TimeControl "180+1"]
[EndTime "9:09:08 PST"]
[Termination "Game drawn by repetition"]

1. e4 e5 2. Nf3 Nc6 3. Bc4 Bc5 4. c3 Nf6 5. d3 d6 6. Bg5 h6 7. Bh4 a5 8. O-O g5 9. Bg3 Ba7 10. Nbd2 Qe7 11. Kh1 Be6 12. Bb5 Bd7 13. d4 exd4 14. Bxc6 Bxc6 15. Nxd4 Bxd4 16. cxd4 d5 17. exd5 Bxd5 18.
Re1 Be6 19. Be5 O-O 20. Qf3 Nd5 21. Qh5 Kh7 22. Nf3 f6 23. Bg3 Qf7 24. Qxf7+ Bxf7 25. Rac1 c6 26. a3 Rfd8 27. Nd2 Kg6 28. Nc4 Rd7 29.
Nd6 Bg8 30. Ne4 Re8 31. Nc5 Rde7 32. f3 h5 33. Nxb7 h4 34. Bf2 Nf4 35. Nd6 Rxe1+ 36. Rxe1 Rd8 37. Re8 Rxe8 38. Nxe8 Nd3 39. Kg1 Nxb2 40.
Nd6 Bd5 41. Kf1 Nd3 42. Nb7 a4 43. Nc5 Nxc5 44. dxc5 Kf5 45. Bd4 Ke6 46. Kf2 f5 47. g3 hxg3+ 48. hxg3 g4 49. f4 Be4 50. Ke3 Kd5 51. Be5 Kxc5 52. Bf6 Kc4 53. Bg7 Kd5 54. Kd2 Kc4 55. Ke3 c5 56. Bf8 Kb5 57. Be7 Kc6 58. Bf8 Kd5 59. Be7 c4 60. Kd2 Bg2 61. Ke3 Bf1 62. Kd2 Bd3 63. Ke3 Bf1 64. Bf6 Kc5 65. Bc3 Bd3 66. Be5 Be4 67. Bc3 Kd5 68. Be5 Bd3 69. Bc3 Be4 70. Be5 c3 71. Bxc3 Kc4 72. Bb4 Kb3 73. Kd4 Bc2 74. Ke5 Be4 75. Bd6 Bc2 76. Bf8 Be4 77. Kf6 Bc2 78. Kg5 Be4 79. Be7 Bc2 80. Kh4 Be4 81. Bb4 Bc2 82. Kg5 Be4 83. Bd6 Bc2 84. Bb4 Be4 85. Bd6 Bc2 86. Bb4 1/2-1/2

[Event "Early-Titled-Tuesday-Blitz-February-06-2024"]
[Site "Chess.com"]
[Date "2024.02.06"]
[Round "6"]
[White "Herzog2012"]
[Black "Aradhya2000"]
[Result "1/2-1/2"]
[WhiteElo "2532"]
[BlackElo "2690"]
[TimeControl "180+1"]
[EndTime "9:09:11 PST"]
[Termination "Game drawn by stalemate"]

1. e4 e5 2. Nc3 Nf6 3. g3 d5 4. exd5 c6 5. d4 exd4 6. Qxd4 cxd5 7. Bg5 Nc6 8. Qa4 d4 9. O-O-O Bd7 10. Ne4 Be7 11.
Bxf6 gxf6 12. Qb3 f5 13. Nd2 Na5 14. Qd5 Bc6 15. Qxd8+ Rxd8 16. Ngf3 f4 17. Bd3 Kf8 18. Rhe1 fxg3 19. hxg3 Bd5 20. a3 Nc6 21. Be4 h5 22. Bxd5 Rxd5 23. Re4 Kg7 24. Nb3 Bf6 25. Nbxd4 Rhd8 26. c3 b5 27. Kc2 Nxd4+ 28. Nxd4 a5 29. Rd2 b4 30. axb4 axb4 31. Nf3 bxc3 32. bxc3 Rf5 33. Rxd8 Bxd8 34. Re3 Bb6 35. Rd3 Bxf2 36. Nd4 Rg5 37. Kd2 Kg6 38. Ne2 Rf5 39. Nf4+ Kg5 40. Nh3+ Kg4 41.
Nxf2+ Rxf2+ 42. Ke1 Rg2 43. Rd7 Rxg3 44. Rxf7 Rxc3 45.
Rg7+ Kh3 46. Kf2 Rc2+ 47. Kf3 h4 48. Rh7 Ra2 49. Rh8 Ra3+ 50. Kf2 Ra2+ 51. Kf3 Ra1 52. Kf2 Rb1 53. Rh7 Rc1 54. Rh8 Rc2+ 55. Kf1 Kg3 56. Rg8+ Kh2 57. Rh8 h3 58. Rh7 Ra2 59. Rh8 Ra7 60.
Rh6 Rf7+ 61. Ke2 Rg7 62. Kf2 Rf7+ 63. Ke2 Rf4 64. Rg6 Kh1 65. Rg8 h2 66. Rg7 Rf5 67.
Rg8 Rf6 68. Rg7 Ra6 69. Kf2 Ra2+ 70. Kf1 Ra1+ 71. Kf2 Rg1 72. Rf7 Rf1+ 73. Kxf1 1/2-1/2

[Event "Early-Titled-Tuesday-Blitz-February-06-2024"]
[Site "Chess.com"]
[Date "2024.02.06"]
[Round "6"]
[White "Ind1anStar"]
[Black "Balla_Tamas"]
[Result "1/2-1/2"]
[WhiteElo "2591"]
[BlackElo "2414"]
[TimeControl "180+1"]
[EndTime "9:09:11 PST"]
[Termination "Game drawn by repetition"]

1. e4 c5 2. Nc3 Nc6 3. Bb5 Nd4 4.
Nf3 Nf6 5. O-O g6 6. Bd3 d6 7. Nxd4 cxd4 8. Ne2 e5 9. c3 dxc3 10.
bxc3 Bg7 11. Bc2 O-O 12. h3 Be6 13. d4 Bc4 14. Re1 Rc8 15. Bd3 Bxd3 16. Qxd3 d5 17. Ng3 dxe4 18. Nxe4 Nxe4 19. Qxe4 exd4 20. cxd4 Qxd4 21.
Qxd4 Bxd4 22. Rb1 Rc2 23. Be3 Bxe3 24. Rxe3 b6 25. Ra3 Rd8 26. Rxa7 Rdd2 27. Rf1 Rxa2 28.
Rxa2 Rxa2 29. Rb1 Ra6 30. Rc1 Kf8 31. Rc8+ Ke7 32. Rb8 h5 33. h4 Kd7 34. g3 Kc6 35. Rc8+ Kd5 36. Rb8 Ra1+ 37. Kg2 Rb1 38. Rb7 Ke6 39. Kf3 Rb3+ 40. Kf4 Rb5 41. f3 Rf5+ 42. Ke4 b5 43. g4 Rc5 44. Rb6+ Ke7 45. Rb7+ Kf6 46. Rb6+ Kg7 47. Kf4 Rc4+ 48. Kg3 hxg4 49. fxg4 b4 50. g5 Rc3+ 51. Kg4 b3 52. Rb7 Kf8 53. h5 gxh5+ 54. Kxh5 Rd3 55. Kg4 Ke8 56. Kf5 Kd8 57. Ke4 Rg3 58. Kf4 Rc3 59. Kf5 Ke8 60.
Kf6 Rf3+ 61. Ke5 Kf8 62. Ke4 Rh3 63. Kf4 Kg7 64. Kf5 Rc3 65. Rb8 Rc5+ 66. Kf4 Rc4+ 67. Kf5 Rc5+ 68. Kf4 Rc3 69. Kf5 Rd3 70. Rb7 Rc3 71.
Kf4 Rd3 72. Kf5 Rc3 1/2-1/2

[Event "Early-Titled-Tuesday-Blitz-February-06-2024"]
[Site "Chess.com"]
[Date "2024.02.06"]
[Round "6"]
[White "OneTrickPony_82"]
[Black "Zurability"]
[Result "0-1"]
[WhiteElo "2548"]
[BlackElo "2746"]
[TimeControl "180+1"]
[EndTime "9:09:13 PST"]
[Termination "Zurability won on time"]

1. d4 Nf6 2. c4 e6 3. Nf3 b6 4. g3 Bb7 5. Bg2 Bb4+ 6. Bd2 Bxd2+ 7. Qxd2 O-O 8. O-O d6 9. Nc3 Nbd7 10. Qc2 Qe7 11. e4 e5 12. Rfe1 c6 13. Rad1 Rfd8 14.
Nh4 g6 15. Qd2 Nf8 16. Qh6 Ne6 17. d5 Nd4 18. dxc6 Bxc6 19. Nf3 Ne6 20. Bh3 Nc5 21.
Ng5 Qf8 22. Qxf8+ Kxf8 23. b4 Na4 24. Nxa4 Bxa4 25. Rd3 h6 26. Nf3 Ke7 27. Nd2 Bd7 28. Bxd7 Rxd7 29. f3 a5 30. a3 axb4 31. axb4 Ra2 32.
Nf1 Rb2 33. b5 Ra7 34. Red1 Ne8 35. Ne3 Raa2 36. h4 Kd8 37. h5 gxh5 38. Rd5 Kc7 39. R5d3 Kb7 40. Rd5 Rf2 41. Rf1 Rfe2 42. Rd3 Nc7 43. f4 exf4 44. Rxf4 Re1+ 45. Nf1 Ne6 46. Rxf7+ Kc8 47. Rf2 Ng5 48. Rxa2 Nxe4 49. Re3 Rxe3 50.
Nxe3 Kd7 51. Kg2 Ke6 52. Kf3 Nf6 53. Re2 Ke5 54. Ng2+ Kd4 55. Nf4 Kxc4 56. Re6 Ng4 57. Rxd6 Kxb5 58. Rg6 Ne5+ 59. Ke4 Nxg6 60. Nxg6 Kc4 61.
Nf4 b5 62. Nd5 Kc5 63. Ne3 b4 64. Kf5 b3 65. Nd1 Kd4 66. Nb2 Kc3 67. Na4+ Kb4 68. Nb2 Kc3 69. Na4+ Kb4 70. Nb2 Ka3 71. Nd3 Ka2 72. Kg6 Kb1 73. Kxh5 Kc2 74. Nb4+ Kc3 75. Nd5+ Kd4 76. Nf4 b2 77. Kxh6 b1=Q 78. g4 Qe4 79. Kg5 Qe5+ 0-1

[Event "Early-Titled-Tuesday-Blitz-February-06-2024"]
[Site "Chess.com"]
[Date "2024.02.06"]
[Round "6"]
[White "Denis_Makhnyov"]
[Black "platy3"]
[Result "1-0"]
[WhiteElo "3032"]
[BlackElo "2929"]
[TimeControl "180+1"]
[EndTime "9:09:15 PST"]
[Termination "Denis_Makhnyov won on time"]

1. d4 Nf6 2. c4 e6 3. Nc3 Bb4 4. e3 O-O 5. Bd3 Re8 6. Ne2 d5 7.
a3 Bf8 8. O-O b6 9. e4 dxe4 10.
Nxe4 Bb7 11. Qc2 Nbd7 12. Rd1 Bxe4 13. Bxe4 Nxe4 14. Qxe4 c5 15. Be3 Qc7 16. Rac1 Rad8 17.
h3 g6 18. Qf3 Bg7 19. Bf4 e5 20. Bh2 e4 21. Bxc7 exf3 22. Nc3 Rc8 23. Nb5 cxd4 24. Nd6 fxg2 25. Nxe8 Rxe8 26. b4 Rc8 27. Bd6 Ne5 28.
Bxe5 Bxe5 29. c5 bxc5 30. Rxc5 Rxc5 31. bxc5 f6 32. c6 Kf7 33. Re1 g5 34. Kxg2 Ke6 35.
Rc1 Bc7 36. Kf3 Kd5 37. Ke2 f5 38. f3 h5 39. Rg1 g4 40. fxg4 fxg4 41. hxg4 hxg4 42.
Rxg4 Kxc6 43. Rxd4 Bd6 44. Rd3 Bc5 45. Kd2 Kb5 46. Kc2 a5 47. Rh3 a4 48. Kb2 Bd4+ 49. Kb1 Bc5 50. Kc2 Kc4 51. Rh4+ Kb5 52. Kb2 Bd6 53.
Re4 Bc5 54. Re5 Kc4 55. Rf5 Bd4+ 56. Kc2 Bc5 57. Rf3 Bd4 58. Rf4 Kd5 59. Kd3 Bc5 60.
Rxa4 Kc6 61. Kc4 Kb6 62. Kb3 Kb5 63. Rg4 Kb6 64. Rg5 Bf2 65. Kc4 Ka6 66. Rf5 Bg1 67. Kb4 Ka7 68. Kb5 Be3 69. Rf7+ Ka8 70. Ka6 Kb8 71. Rb7+ Kc8 72. Rb3 Bd4 73. Kb5 Bf2 74.
Kc6 1-0

[Event "Early-Titled-Tuesday-Blitz-February-06-2024"]
[Site "Chess.com"]
[Date "2024.02.06"]
[Round "6"]
[White "TokChess"]
[Black "VitaliyChayka"]
[Result "1/2-1/2"]
[WhiteElo "2581"]
[BlackElo "2420"]
[TimeControl "180+1"]
[EndTime "9:09:18 PST"]
[Termination "Game drawn by repetition"]

1. e4 d6 2. Nf3 Nf6 3. Nc3 e5 4. Bc4 Be7 5. d3 O-O 6. O-O c6 7. a4 Nbd7 8. a5 Rb8 9. h3 b5 10. axb6 axb6 11. Bg5 b5 12. Bb3 Nc5 13. Ba2 Qc7 14. b4 Ne6 15. Be3 Bd7 16. Bb3 Ra8 17. Qd2 Nh5 18. Ne2 Qb7 19. d4 Nf6 20. dxe5 Nxe4 21.
Qd3 d5 22. c3 Rxa1 23. Rxa1 Ra8 24. Rb1 h6 25. Nfd4 Nxd4 26. Bxd4 Be6 27. f3 Ng5 28. Ng3 Qd7 29. f4 Ne4 30. Nxe4 dxe4 31. Bxe6 fxe6 32. Qxe4 Ra2 33. Rf1 Qd5 34. Qxd5 cxd5 35.
f5 Kf7 36. Kh2 exf5 37. Rxf5+ Ke6 38. Rf3 Bg5 39. Kg3 h5 40. h4 Bh6 41. Rf2 Rxf2 42. Kxf2 Kf5 43. Kf3 g6 44. e6 Kxe6 45. g4 Bd2 46.
Kg3 Be1+ 47. Kh3 Kd6 48. Bg7 Ke6 49. Bd4 Kd6 50. Bf6 Bf2 51. gxh5 gxh5 52. Kg2 Be1 53. Kf1 Bg3 54. Kg2 Be5 55. Bxe5+ Kxe5 56. Kf3 d4 57. cxd4+ Kxd4 58. Kf4 Kc4 59. Kg5 Kxb4 60. Kxh5 Kc5 61. Kg5 b4 62. h5 b3 63. h6 b2 64. h7 b1=Q 65. h8=Q Qg1+ 66. Kf4 Qf2+ 67. Ke4 Qg2+ 68. Kf4 Qd2+ 69. Ke4 Qd5+ 70. Ke3 Qe6+ 71. Kd3 Qf5+ 72. Kc3 Qf3+ 73. Kd2 Qg2+ 74. Kd3 Qf1+ 75. Ke4 Qe2+ 76. Kf4 Qf2+ 77. Ke4 Qg2+ 78. Kd3 Qf3+ 79. Kd2 Qf4+ 80. Kd3 Qf5+ 81. Kd2 Qg5+ 82. Kd3 Qg3+ 83. Kd2 Qg2+ 84. Kd3 1/2-1/2

[Event "Early-Titled-Tuesday-Blitz-February-06-2024"]
[Site "Chess.com"]
[Date "2024.02.06"]
[Round "6"]
[White "Njal28"]
[Black "Fandorine"]
[Result "1-0"]
[WhiteElo "3086"]
[BlackElo "2962"]
[TimeControl "180+1"]
[EndTime "9:09:19 PST"]
[Termination "Njal28 won by checkmate"]

1. e4 e5 2. Nf3 Nc6 3. Nc3 Nf6 4. Nd5 Be7 5. Bd3 d6 6. c3 h6 7. Bc2 Be6 8. Nxe7 Qxe7 9. O-O O-O 10. d4 Bg4 11. d5 Nb8 12. h3 Bxf3 13. Qxf3 Nbd7 14. Be3 a5 15. a4 Nh7 16. Qg3 Kh8 17. b4 b6 18. Rae1 Ndf6 19. Bd2 g5 20. bxa5 Rxa5 21. c4 Raa8 22. Ra1 Rg8 23. a5 bxa5 24. Rxa5 Rxa5 25.
Bxa5 Nh5 26. Qe3 Nf4 27. Bd1 h5 28. Kh2 g4 29. Rh1 Qh4 30. Be1 gxh3 31. g3 Qg5 32. Bf3 Ng6 33. Bd2 Qxe3 34. Bxe3 h4 35. Kxh3 hxg3 36.
fxg3 Kg7 37. Kg2 Rh8 38. c5 Nf6 39. Rxh8 Kxh8 40. c6 Kg7 41. Ba7 Ne8 42. Bg4 Kf8 43. Bb8 Ke7 44. Bd7 Nf6 45. Bf5 Kd8 46. Kf3 Ne7 47. Bh3 Ng6 48. Ba7 Ne7 49. Be3 Nh7 50. Bg4 Ng6 51. Bh3 Ne7 52. Bh6 Ng8 53. Bd2 Ne7 54. Be3 Ng8 55. Bf5 Nhf6 56. Bg5 Ke8 57.
Bh4 Ke7 58. Bd7 Kf8 59. Bh3 Kg7 60. Bf5 Nh6 61. Bc8 Nhg8 62. Bh3 Nh6 63. g4 Nhg8 64. Bf1 Kf8 65. Ba6 Kg7 66. Bc8 Ne7 67. Bd7 Ng6 68. Bg5 Ne7 69. Bf5 Ng6 70. Kg3 Ne7 71. Kf3 Ng6 72.
Bd2 Kf8 73. Ba5 Ne8 74. Bd7 Nf6 75. Bxc7 Nxd7 76. cxd7 Ke7 77. d8=Q# 1-0

[Event "Early-Titled-Tuesday-Blitz-February-06-2024"]
[Site "Chess.com"]
[Date "2024.02.06"]
[Round "6"]
[White "Szparu"]
[Black "BogdanDeac"]
[Result "1/2-1/2"]
[WhiteElo "2826"]
[BlackElo "3019"]
[TimeControl "180+1"]
[EndTime "9:09:24 PST"]
[Termination "Game drawn - insufficient material"]

1. Nf3 d5 2. d4 Nf6 3. c4 e6 4. g3 dxc4 5. Bg2 a6 6. Ne5 Bb4+ 7. Nc3 Nd5 8. Bd2 Nb6 9. Bc1 N8d7 10. Nxd7 Qxd7 11. O-O O-O 12. e4 Qe7 13. Be3 e5 14. a3 exd4 15. Qxd4 Bxc3 16. Qxc3 Be6 17. a4 Rad8 18. a5 Rd3 19. Qc2 Nd7 20. Rfe1 Ne5 21. h3 f6 22. Ra4 Rfd8 23. Kh2 Bd7 24. Rxc4 Nxc4 25. Qxd3 Bb5 26. Qb3 Qf7 27. Qc3 Nxe3 28. Rxe3 Qc4 29. e5 Qxc3 30. Rxc3 fxe5 31. Bxb7 Rd2 32. Kg2 Rxb2 33. Rxc7 Kf8 34. Rc8+ Ke7 35. Ra8 Ra2 36. Ra7 Kf6 37. Bd5 Rxa5 38. Rf7+ Kg6 39. Kh2 h6 40. Rf8 Bd7 41. Be4+ Kg5 42. h4+ Kh5 43.
Bf3+ Kg6 44. Be4+ Kh5 45. Bf3+ Bg4 46. Rf5+ g5 47. Bxg4+ Kxg4 48. Rf6 gxh4 49. f3+ Kg5 50. Rf8 hxg3+ 51. Kxg3 h5 52. Rg8+ Kf5 53. Rf8+ Kg6 54. Rg8+ Kf6 55. Rh8 Kg6 56. Rg8+ Kh7 57. Rg5 Kh6 58.
Rf5 Kg6 59. Rf8 Rb5 60. Rg8+ Kh7 61. Ra8 a5 62. Ra7+ Kg6 63. Ra8 Kf5 64. Rh8 Ke6 65. Rxh5 Kd6 66. Kg4 Rb4+ 67. Kg3 a4 68. Rh8 Kc5 69.
Ra8 Kc4 70. Kg4 Kb3+ 71. Kf5 a3 72. Kxe5 a2 73. Rxa2 Kxa2 74. f4 Kb3 75. f5 Kc4 76. f6 Rb7 77. Ke6 Rb6+ 78. Ke7 Kd5 79. f7 Rb7+ 80. Kf6 Rb8 81. Kg7 Rb7 82. Kg8 Rxf7 83.
Kxf7 1/2-1/2

[Event "Early-Titled-Tuesday-Blitz-February-06-2024"]
[Site "Chess.com"]
[Date "2024.02.06"]
[Round "6"]
[White "ri4mi"]
[Black "DarkAlekhine"]
[Result "1/2-1/2"]
[WhiteElo "2559"]
[BlackElo "2740"]
[TimeControl "180+1"]
[EndTime "9:09:27 PST"]
[Termination "Game drawn - insufficient material"]

1. e4 c5 2. Nc3 d6 3. d4 cxd4 4. Qxd4 Nc6 5. Qd2 g6 6. b3 Bh6 7. f4 Nf6 8. Bb2 e5 9. g3 O-O 10.
O-O-O Bg4 11. Be2 Bxe2 12. Ngxe2 Rc8 13. Kb1 b5 14. Qxd6 b4 15. Qxd8 Rfxd8 16. Nd5 Nxe4 17. Rhf1 f5 18. Rd3 Kf7 19. g4 Ke6 20. g5 Bxg5 21. fxg5 Rxd5 22. Rxd5 Kxd5 23. Rd1+ Ke6 24. h4 Rd8 25.
Rxd8 Nxd8 26. Nc1 Nd2+ 27. Ka1 Nc6 28. Nd3 Kd5 29. a3 a5 30. axb4 axb4 31. Ka2 f4 32. Bc1 Ne4 33. Bxf4 exf4 34. Nxf4+ Ke5 35. Nd3+ Kd4 36.
Kb2 Nc5 37. Nf4 Ne5 38. h5 Ke3 39. hxg6 hxg6 40. Nd5+ Ke4 41. Nxb4 Kf5 42. Nd5 Kxg5 43.
b4 Ncd7 44. Kb3 Kf5 45. Ne7+ Ke6 46. Nxg6 Nxg6 47. c4 Kd6 48. c5+ Kc6 49. Kc4 Nge5+ 50.
Kd4 Kb5 51. Kd5 Nc6 52. Kd6 Ndb8 53. Kc7 Na6+ 54. Kd6 Na7 55. Kd5 Nc6 56. Kd6 Nab8 57.
Kd5 Nd7 58. Kd6 Nde5 59. Kd5 Nc4 60. Ke6 Nd4+ 61. Kd5 Nf5 62. c6 Ne7+ 63. Ke6 Nxc6 64. Kd5 Na7 65. Ke6 Nb6 66. Ke5 Na8 67. Kd4 Nc7 68. Ke5 Nc6+ 69. Kd6 Ne8+ 70. Kd5 Ng7 71.
Kd6 Nh5 72. Kd5 Ng3 73. Kd6 Ne2 74. Kd5 Nc3+ 75. Kd6 Kb6 76. b5 Nb4 77. Ke5 Na4 78. Kd4 Na2 79. Kc4 N4c3 80. Kb3 Kxb5 1/2-1/2

[Event "Early-Titled-Tuesday-Blitz-February-06-2024"]
[Site "Chess.com"]
[Date "2024.02.06"]
[Round "6"]
[White "Talent-OF-Slovenia"]
[Black "FoxOnTheRun97"]
[Result "1-0"]
[WhiteElo "2470"]
[BlackElo "2635"]
[TimeControl "180+1"]
[EndTime "9:09:27 PST"]
[Termination "Talent-OF-Slovenia won by checkmate"]

1. e4 c6 2. d4 d5 3. exd5 cxd5 4. Bd3 Nc6 5. c3 Qc7 6. h3 e6 7. Nf3 Bd6 8. O-O Nge7 9. Re1 Ng6 10. a4 O-O 11.
Na3 a6 12. Nc2 Na5 13. Ne3 Nc4 14. Nxc4 dxc4 15. Bc2 b6 16. Qe2 Bb7 17. Ne5 Bxe5 18. dxe5 b5 19. axb5 axb5 20. Rxa8 Rxa8 21. Bg5 Qc6 22. f3 Qc5+ 23. Kh2 Ra2 24. Bc1 Ra8 25.
Kg3 Rd8 26. h4 Rd5 27. Bxg6 hxg6 28. Be3 Qc7 29. Bd4 b4 30. Kh3 bxc3 31. bxc3 Kh7 32. Ra1 Rb5 33. Qc2 Bd5 34. h5 Qb8 35. hxg6+ fxg6 36. Qd2 Rb1 37. Rxb1 Qxb1 38. Kg3 Qf5 39. Qc1 g5 40. Qe3 Kg6 41. Bc5 Qf7 42. Bd6 Qe8 43. Kf2 Qa8 44. Qd2 Qa1 45. Qc2+ Kf7 46. Qd2 Kg6 47.
Be7 g4 48. fxg4 Qh1 49. Kg3 Kf7 50. Bh4 Qg1 51. Qf4+ Kg8 52. Qd2 Qf1 53. Be7 Kf7 54.
Bc5 Qh1 55. Qf2+ Kg6 56. Bf8 Kh7 57. Be7 Kg8 58. g5 Kh7 59. Qc2+ Kg8 60. Qd2 Qf1 61. Bd6 Qh1 62. Qf2 Kh7 63. Qc2+ Kg8 64. g6 Qh5 65.
Kf2 Qg4 66. Kg1 Be4 67. Qf2 Qxg6 68. Bc5 Kh7 69. Bd4 Bd5 70. Qh4+ Qh6 71. Qf2 Qh5 72. Qc2+ Qg6 73. Qe2 Qg5 74. Qf2 Qg4 75. Qd2 Kg6 76. Qf2 Qf5 77. Qg3+ Kf7 78. Kh2 Qe4 79. Qg5 Kf8 80.
Bc5+ Kf7 81. Qe7+ Kg6 82. Qe8+ Kh6 83. Qh8+ Kg6 84. Qe8+ Kg5 85. Qe7+ Kf4 86. Qh4+ Kf5 87. Qh5+ Kf4 88. g3# 1-0

[Event "Early-Titled-Tuesday-Blitz-February-06-2024"]
[Site "Chess.com"]
[Date "2024.02.06"]
[Round "6"]
[White "M1711"]
[Black "Mistango"]
[Result "1/2-1/2"]
[WhiteElo "2651"]
[BlackElo "2474"]
[TimeControl "180+1"]
[EndTime "9:09:38 PST"]
[Termination "Game drawn by agreement"]

1. e4 e5 2. Nf3 Nc6 3. Bb5 Nf6 4. O-O Nxe4 5. d4 Nd6 6. dxe5 Nxb5 7. a4 Nbd4 8. Nxd4 d6 9. exd6 Bxd6 10. Nxc6 bxc6 11. Re1+ Be6 12. Nc3 O-O 13. Ne4 Bd5 14. Nxd6 Qxd6 15. Qg4 Qg6 16. Qxg6 fxg6 17. Be3 a6 18. Rad1 Rae8 19.
b3 Be4 20. Rd2 Rd8 21. Red1 Rxd2 22. Rxd2 Bd5 23. f3 h6 24. Kf2 g5 25. h3 Kf7 26.
Bc5 Re8 27. Bb4 h5 28. Ba5 g4 29. hxg4 hxg4 30. Bxc7 gxf3 31. gxf3 Re7 32. Bg3 Rd7 33. Re2 Be6 34. Bf4 Rd1 35. Re3 Rd2+ 36. Re2 Rxe2+ 37. Kxe2 Bf5 38. Kd2 Ke6 39. Bc7 Kd5 40. c4+ Kd4 41.
Bb6+ Ke5 42. Be3 Bb1 43. Kc3 Kf5 44. Kb4 Bc2 45. Kc3 Bd1 46. f4 Ke4 47. Bc1 g6 48. Bd2 Kf3 49. a5 Ke4 50. Bc1 Kf3 51. b4 Be2 52.
Kd4 Bf1 53. Kc5 Ke4 54. Kxc6 Bxc4 55. Kc5 Bb5 56. Kd6 Kf5 57. Kd5 Bf1 58. Kd4 Bb5 59.
Bd2 Bc6 60. Kc5 Bb5 61. Kb6 Bd3 62. Kb7 Bb5 63. Bc1 Bc4 64. Kc6 Bb5+ 65. Kd5 Ba4 66. Kd4 Bb5 67. Ke3 Ba4 68. Kf3 Bb5 69. Kg3 Bc6 70. Kh4 Bb5 71. Kg3 Bc6 72. Be3 Bb5 73.
Bc5 Bc6 74. Be7 Bb5 75. Bg5 Bc6 76. Kf2 Bb5 77. Ke3 Bc6 78. Kd4 Bb5 79. Kc5 Ba4 80.
Kb6 Bb5 81. Kb7 Bc4 82. Ka7 Bb5 83. Kb6 Bc4 84. Bh6 Bb5 85. Kc5 Ba4 86. Kc4 Bb5+ 87.
Kb3 Bd3 88. Kc3 Bb5 89. Kd4 Ba4 90. Kd5 Bb5 91. Kd6 Ba4 92. Ke7 Bb5 93. Kf8 Ba4 94.
Kf7 Bb5 95. Ke7 Ba4 96. b5 Bxb5 97. Kd6 Ba4 98. Kc5 Bb5 99. Kb4 Bf1 100. Kc3 Be2 101. Bg5 Bf1 102. Kd4 Bb5 103. Kc5 Bf1 104. Kb4 Bb5 105.
Ka3 Bf1 106. Kb2 Bb5 107. Kc3 Bf1 108. Kd2 Bb5 109. Ke1 Ba4 110. Ke2 Bb5+ 111. Kd2 Ba4 112. Kc3 Bb5 113. Kd2 Bf1 114. Ke3 Bb5 115. Kf2 Ba4 116. Kg3 Bb5 117. Kh4 Ba4 118. Bh6 Bb5 119. Kg3 Ba4 120. Kf2 Bb5 121. Ke3 Ba4 122. Bg5 Bb5 123. Kd4 1/2-1/2

[Event "Early-Titled-Tuesday-Blitz-February-06-2024"]
[Site "Chess.com"]
[Date "2024.02.06"]
[Round "6"]
[White "viktorgen2021"]
[Black "agvania123"]
[Result "1/2-1/2"]
[WhiteElo "2553"]
[BlackElo "2319"]
[TimeControl "180+1"]
[EndTime "9:09:40 PST"]
[Termination "Game drawn - insufficient material"]

1. d4 Nf6 2. Nf3 g6 3. g3 Bg7 4.
Bg2 O-O 5. O-O d5 6. c4 c6 7.
cxd5 cxd5 8. Nc3 Nc6 9. Ne5 e6 10. Nxc6 bxc6 11. b3 c5 12. Ba3 Qa5 13. Na4 Nd7 14. Rc1 Bxd4 15. e3 Bg7 16. Bxc5 Nxc5 17. Rxc5 Qb4 18. Qc2 Bd7 19. Rc7 Bxa4 20. bxa4 a5 21.
Rb1 Qd6 22. Rbb7 Rfb8 23. Rxf7 Rxb7 24. Rxb7 Rf8 25. Bh3 e5 26. Rd7 Qf6 27. Rxd5 e4 28. Bg2 Bh6 29. Rd2 Qa1+ 30. Rd1 Qe5 31. Qxe4 Qb2 32.
Qd5+ Kh8 33. Qd4+ Qxd4 34. exd4 Rd8 35. d5 Bf8 36. Rb1 Kg7 37. Rb7+ Kh6 38. h4 Bb4 39. Kh2 Bc5 40. f4 Re8 41. Rb2 Re1 42. Rd2 Be3 43. Rd3 Bg1+ 44. Kh3 Bb6 45. d6 Bd8 46. d7 Re2 47. Bd5 Re7 48. Bf3 Re1 49. Kg4 Re7 50. Rd5 Re3 51. h5 gxh5+ 52. Rxh5+ Kg7 53. Re5 Rd3 54. Be4 Rxd7 55. Bf5 Rd2 56. Re8 Bf6 57. Kh3 Rxa2 58.
Rc8 Rxa4 59. Rc7+ Kf8 60. Rxh7 Bg7 61. Rh5 Rd4 62. Bg6 a4 63. Rf5+ Kg8 64. Ra5 Kf8 65. Ra8+ Ke7 66. Kg4 Kf6 67. Ra6+ Ke7 68. Kf5 Rd5+ 69. Kg4 Rd4 70. Bh5 Rb4 71. Ra7+ Kf8 72. Kg5 Rb5+ 73. f5 Rb3 74. Ra8+ Ke7 75. Re8+ Kd7 76.
g4 Bb2 77. f6 Rb5+ 78. Kg6 Rb6 79. Re4 Rxf6+ 80. Kh7 Ra6 81. g5 a3 82. g6 a2 83.
Bg4+ Kd6 84. Re6+ Kc5 85. Rxa6 a1=Q 86. Rxa1 Bxa1 87. Kg8 Be5 88. Kf7 Bd4 89. g7 Bxg7 1/2-1/2

[Event "Early-Titled-Tuesday-Blitz-February-06-2024"]
[Site "Chess.com"]
[Date "2024.02.06"]
[Round "6"]
[White "GustavoAOliveira"]
[Black "malakismayil"]
[Result "0-1"]
[WhiteElo "2338"]
[BlackElo "2498"]
[TimeControl "180+1"]
[EndTime "9:09:44 PST"]
[Termination "malakismayil won on time"]

1. d4 d5 2. c4 e6 3. Nf3 Nf6 4. g3 Be7 5. Bg2 O-O 6. O-O dxc4 7. Na3 Bxa3 8. bxa3 c5 9. dxc5 Qc7 10. Be3 Nbd7 11.
Qc2 Nd5 12. Bd4 Nxc5 13. Qxc4 Na6 14. Qxc7 Naxc7 15. Rfc1 Nb5 16. Bc5 Re8 17. e4 Ndc3 18. Re1 Bd7 19. Ne5 Bc6 20. Nxc6 bxc6 21. e5 Nd5 22. Rac1 Rec8 23. Rc2 a5 24. Rec1 h5 25. a4 Nbc7 26. Bd6 Na6 27. Rxc6 Rd8 28. Bxd5 exd5 29. Rb1 Rd7 30. Rb5 d4 31. Kg2 Nb4 32. Bxb4 axb4 33.
Rxb4 Rd5 34. Rc1 d3 35. Rd1 Rad8 36. f4 d2 37. Rb2 Rd4 38. a5 R8d5 39. a6 Ra4 40.
Rbxd2 Rda5 41. Rd8+ Kh7 42. R8d7 Rxa2+ 43. R1d2 Rxa6 44.
Rxa2 Rxa2+ 45. Kh3 Kg6 46. Rd6+ Kh7 47. Rc6 g6 48. Rc7 Kg8 49. Rc8+ Kg7 50. Rc7 Kg8 51. Rb7 Rc2 52. e6 fxe6 53. Re7 Re2 54. Re8+ Kf7 55. Ra8 Kf6 56. Ra7 Kf5 57. Ra5+ Kf6 58. Rb5 Re1 59. Kg2 Re2+ 60. Kg1 Ra2 61. Rc5 Rd2 62. h3 Rd4 63. Kg2 h4 64. Kf3 Rd3+ 65. Kg2 Rxg3+ 66. Kh2 Rf3 67.
Rc4 Kf5 68. Kg2 Rxf4 69. Rc8 e5 70. Rh8 g5 71. Rf8+ Ke4 72. Re8 g4 73. hxg4 Rxg4+ 74.
Kh3 Rf4 75. Rd8 Ke3 76. Re8 e4 77. Kg2 Rf2+ 78. Kg1 Rf3 79. Kg2 h3+ 80. Kg1 Kd3 81. Rd8+ Ke2 82. Re8 e3 83. Rd8 Rg3+ 84. Kh2 Kf2 85.
Re8 Rf3 86. Re7 e2 0-1

[Event "Early-Titled-Tuesday-Blitz-February-06-2024"]
[Site "Chess.com"]
[Date "2024.02.06"]
[Round "6"]
[White "ChristopherYoo"]
[Black "AradNazari"]
[Result "1-0"]
[WhiteElo "2966"]
[BlackElo "2774"]
[TimeControl "180+1"]
[EndTime "9:09:45 PST"]
[Termination "ChristopherYoo won on time"]

1. e4 c5 2. Nf3 d6 3. d4 cxd4 4. Nxd4 Nf6 5. Nc3 a6 6. Bg5 Nbd7 7. Qe2 e6 8. O-O-O Qc7 9. f4 Be7 10. g4 b5 11. Bg2 Rb8 12. Nd5 exd5 13. exd5 O-O 14.
Nc6 Bd8 15. Nxb8 Qxb8 16. Rhe1 Nb6 17. Bxf6 Bxf6 18. g5 Bd8 19. Qh5 Bf5 20. Be4 Qc8 21. Rd3 Bxe4 22. Rxe4 Qf5 23. Red4 Na4 24. Qh3 Qxh3 25.
Rxh3 Re8 26. b3 Bb6 27. Rdd3 Nc5 28. Rde3 Ne4 29. Re2 f5 30. gxf6 Nxf6 31. Rxe8+ Nxe8 32. c4 b4 33. a3 a5 34. axb4 axb4 35. Kc2 Nf6 36. Kd3 Kf7 37. Rf3 Bc5 38. Rf1 Nh5 39.
Ke4 Nf6+ 40. Kf3 Kg6 41. Re1 Kf7 42. h3 Bd4 43. Re6 Bc5 44. Re2 Nd7 45. Ra2 Bd4 46. Ra4 Bc3 47. Ra6 Ke7 48. Ra7 Ke8 49. Ra6 Ke7 50.
Ra7 Bd4 51. Rb7 Bc5 52. Ke4 Kd8 53. Kf5 Kc8 54. Rb5 Nf6 55. h4 Kc7 56. Ra5 Nh5 57. Ra8 g6+ 58. Kg5 Be3 59. Kh6 Nxf4 60. Kxh7 Bd4 61. Rf8 Nd3 62. Kh6 Nc5 63. Rf3 Bc3 64. Kxg6 Nxb3 65. h5 Nd2 66. Rd3 Ne4 67. h6 Be5 68. Re3 Nf6 69. Rxe5 dxe5 70. Kxf6 b3 71. h7 b2 72. h8=Q b1=Q 73. Qg7+ Kb6 74. Qe7 Qf1+ 75. Kxe5 Qe1+ 76. Kd6 Qb4+ 77. Kd7 Qa4+ 78. Ke6 Qxc4 79. Qd6+ Kb7 80. Qd7+ Kb6 81. Qd8+ Kb7 82. Qe7+ Kb6 83. Qd6+ Kb7 84. Qe5 Qg4+ 85. Qf5 Qe2+ 86. Kd6 Kb6 87.
Qe6 Qh2+ 88. Kd7+ Kb7 89. Qc6+ 1-0

[Event "Early-Titled-Tuesday-Blitz-February-06-2024"]
[Site "Chess.com"]
[Date "2024.02.06"]
[Round "6"]
[White "Yurovskykh_Oleksandr"]
[Black "RobertoJBM"]
[Result "1/2-1/2"]
[WhiteElo "2639"]
[BlackElo "2811"]
[TimeControl "180+1"]
[EndTime "9:09:45 PST"]
[Termination "Game drawn by repetition"]

1. d4 d5 2. Bf4 e6 3. e3 Bd6 4. Bg3 Qe7 5. Nd2 Nd7 6. Ngf3 e5 7. dxe5 Nxe5 8. Nxe5 Bxe5 9. c3 Nf6 10. Bxe5 Qxe5 11. Nf3 Qe7 12. Be2 Bd7 13. O-O O-O 14. Qd4 Rfe8 15.
Rfd1 c5 16. Qf4 Bc6 17. h3 h6 18. Qh4 Rad8 19. Rd2 Rd6 20. Rad1 Re6 21. Bd3 d4 22. cxd4 Bxf3 23. gxf3 cxd4 24. Qxd4 Rb6 25. Bc4 g6 26. Qc3 Qe5 27. Qxe5 Rxe5 28. b3 Kg7 29. f4 Re7 30. Rd6 Rxd6 31. Rxd6 Ne4 32. Rd8 b6 33. a4 Nc5 34. Kg2 Rc7 35. Bd5 Kf6 36. h4 h5 37. Kf3 Ke7 38. Ra8 Kd6 39. Bc4 Ke7 40. Ke2 Kf6 41. Bd5 Rd7 42. e4 Rc7 43.
Kf3 Kg7 44. e5 Rd7 45. Bc4 Rc7 46. Ke3 Nxb3 47. Bxb3 Rc3+ 48. Ke4 Rxb3 49. Rxa7 Kf8 50. Rb7 Rb4+ 51. Kf3 Rxa4 52. Rxb6 Ra3+ 53. Kg2 Ke7 54. f5 gxf5 55. Rf6 Ra4 56. Rxf5 Rxh4 57. Kg3 Rg4+ 58.
Kh3 Rg8 59. Rxh5 Ke6 60. f4 Rg1 61. Rh6+ Ke7 62. Rf6 Rg8 63. Kh2 Rg7 64. Kh3 Rg8 65. Kh4 Rg1 66. Rf5 Ke6 67. Rf6+ Ke7 68. Kh5 Rg2 69. Rf5 Ke6 70. Rg5 Rh2+ 71. Kg4 Rg2+ 72. Kh4 Rh2+ 73. Kg3 Rh8 74. Kf3 Rh6 75. Ke4 Ke7 76.
Rf5 Ra6 77. Rg5 Ke6 78. Rh5 Ra4+ 79. Kf3 Ke7 80. Rh6 Ra5 81. Rb6 Rc5 82. Kg4 Kf8 83. Rb7 Kg7 84. e6 Kf6 85. exf7 Kg7 86. f5 Rc1 87. f8=Q+ Kxf8 88. Rb6 Kf7 89. Rb7+ Kf6 90.
Rb6+ Kf7 91. Rb7+ Kf6 92. Rb6+ Kf7 1/2-1/2